 Dungeon Crawl Stone Soup version 0.18-a0-1413-g4eaa9ac (webtiles) character file.

8 Duffy the Insei (level 2, -2/24 HPs)
             Began as a Demonspawn Monk on Feb 26, 2016.
             Slain by a hobgoblin
             ... wielding a +0 club
              (4 damage)
             ... on level 1 of the Dungeon.
             The game lasted 00:00:29 (490 turns).

Duffy the Insei (Demonspawn Monk)                    Turns: 490, Time: 00:00:29

Health: -2/24      AC:  7    Str: 11    XL:     2   Next: 0%
Magic:  2/2        EV:  9    Int: 11    God:
Gold:   50         SH:  0    Dex: 15    Spells: 0 memorised, 1 level left

rFire  . . .     SeeInvis .       - Unarmed
rCold  . . .     Gourm    .     i - +0 scale mail
rNeg   . . .     Faith    .     (no shield)
rPois  .         Spirit   .     (no helmet)
rElec  .         Dismiss  .     (no cloak)
rCorr  .         Reflect  .     (no gloves)
SustAt .         Harm     .     (no boots)
MR     .....                    (no amulet)
Stlth  +.........               (no ring)
                                (no ring)

@: not resistant to hostile enchantments, very unstealthy
A: molten scales 1
a: no special abilities


You were on level 1 of the Dungeon.
You were not hungry.

You visited 1 branch of the dungeon, and saw 1 of its levels.

You collected 50 gold pieces.


Innate Abilities, Weirdness & Mutations

You are partially covered in molten scales (AC +1).


   Skills:
 - Level 3.0 Fighting
 - Level 2.6 Dodging
 - Level 1.7 Stealth
 + Level 4.0 Unarmed Combat


You had one spell level left.
You didn't know any spells.

Inventory:

Armour
 a - a +0 robe
 g - a +0 leather armour
 i - a +0 scale mail (worn)
Scrolls
 e - a scroll of random uselessness {unknown}
 h - a scroll of recharging {unknown}
Potions
 c - a potion of degeneration {unknown}
 d - a potion of invisibility {unknown}
 f - a potion of lignification {unknown}
Comestibles
 b - a bread ration

Dungeon Overview and Level Annotations

Branches:
Dungeon (1/15)

Altars:


Message History

The rat bites you but does no damage. The hobgoblin barely misses you.
The rat barely misses you.
The hobgoblin hits you but does no damage.
The rat bites you but does no damage.
The hobgoblin hits you but does no damage.
The rat bites you but does no damage.
The hobgoblin hits you but does no damage.
The rat barely misses you. The hobgoblin barely misses you.
The rat bites you but does no damage.
The hobgoblin hits you but does no damage.
The rat bites you but does no damage. The hobgoblin hits you with a club.
The rat bites you.
The hobgoblin hits you but does no damage.
The rat bites you but does no damage. The hobgoblin barely misses you.
The rat closely misses you. The rat bites you but does no damage.
The hobgoblin hits you but does no damage.
The rat bites you but does no damage. The hobgoblin hits you with a club.
The rat closely misses you.
The hobgoblin hits you but does no damage.
The rat bites you.
The hobgoblin hits you but does no damage.
The rat bites you but does no damage.
The hobgoblin hits you but does no damage.
The rat bites you but does no damage. The hobgoblin misses you.
The rat bites you. The hobgoblin barely misses you. The rat closely misses you.
The hobgoblin barely misses you. The rat bites you but does no damage.
The hobgoblin closely misses you. The rat barely misses you.
The hobgoblin barely misses you. The rat bites you but does no damage.
The rat closely misses you.
The hobgoblin hits you but does no damage.
The rat completely misses you. The hobgoblin hits you with a club.
The rat bites you. The hobgoblin hits you with a club.
You die...

### ... #.# #.# .# ...# #.# .#
...# #.####.### ... ...#
#######.#......+..... ...# ..
?......@r....###..... ...##.#
####....g........... ...##.#
##.#.$...#...... ...##.#
#.#.##..#..#.### ...##.#
#.#.##.......... ...##.#
...........#.#.
...##.##############.#..# #
.>............ .........#.#
#.###..####.########?...#.#.#.#


You could see a hobgoblin and a rat.

Action                   || total
-------------------------++-------
Melee: Unarmed           ||    31
 Stab: Sleeping          ||     2

Notes
Turn   | Place    | Note
--------------------------------------------------------------
     0 | D:1      | Duffy the Demonspawn Monk began the quest for the Orb.
     0 | D:1      | Reached XP level 1. HP: 18/18 MP: 1/1
   403 | D:1      | Reached skill level 4 in Unarmed Combat
   407 | D:1      | Gained mutation: You are partially covered in molten scales (AC +1). [demonic ancestry]
   407 | D:1      | Reached XP level 2. HP: 18/24 MP: 2/2
   490 | D:1      | Slain by a hobgoblin

Vault maps used:
D:1:      lemuel_arrival_tunnels

Vanquished Creatures
  2 hobgoblins
  2 jackals
  A kobold
  A giant newt
  A rat
7 creatures vanquished.
